 Dungeon Crawl Stone Soup version 0.28-a0-1493-g08698888e4 (webtiles) character file.

Game seed: 8584365030282818561

16 lunkers the Sneak (level 2, -3/23 HPs)
             Began as a Vampire Delver on Jan 12, 2022.
             Slain by an ogre (24 damage)
             ... on level 3 of the Dungeon.
             The game lasted 00:02:07 (534 turns).

lunkers the Sneak (Vampire Delver)                   Turns: 534, Time: 00:02:07

Health: -3/23      AC:  3    Str: 11    XL:     2   Next: 37%
Magic:  2/2        EV: 12    Int: 12    God:
Gold:   29         SH:  0    Dex: 15    Spells: 1/1 levels left

rFire   . . .      SeeInvis +   e - +2 dagger (elec)
rCold   . . .      Faith    .   (no shield)
rNeg    . . .      Spirit   .   b - +0 leather armour
rPois   .          Reflect  .   (no helmet)
rElec   .          Harm     .   (no cloak)
rCorr   .          Rampage  .   (no gloves)
Will    .....                   (no boots)
Stlth   ++++......              (no amulet)
HPRegen 0.27/turn               (no ring)
MPRegen 0.08/turn               (no ring)

@: healing quickly
A: alive, fangs 3, see invisible, vampiric 1
a: Exsanguinate


You were on level 3 of the Dungeon.
You visited 1 branch of the dungeon, and saw 3 of its levels.

You collected 29 gold pieces.

Inventory:

Hand Weapons
 a - a +0 short sword
 e - a +2 dagger of electrocution (weapon)
Armour
 b - a +0 leather armour (worn)
Wands
 g - a wand of digging (3)
Scrolls
 c - a scroll of fog
 d - a scroll of magic mapping
Potions
 f - a potion of haste
 h - a potion of heal wounds {unknown}


   Skills:
 - Level 2.6 Fighting
 + Level 2.8 Short Blades
 - Level 2.1 Dodging
 + Level 7.7 Stealth


You had one spell level left.
You didn't know any spells.
Your spell library was empty.

Dungeon Overview and Level Annotations

Branches:
Dungeon (5/15)
 Temple: D:4-7

Altars:
Nemelex Xobeh


Innate Abilities, Weirdness & Mutations

Your natural rate of healing is accelerated.
You have razor-sharp teeth.
You have supernaturally acute eyesight. (SInv)
You are afflicted with vampirism.


Message History

You now have 29 gold pieces (gained 6).
Found a short sword.
Found a stone staircase leading down.
An ogre comes into view. It is wielding a +0 giant club.
The ogre shouts!
A rat comes into view.
Found a sparkling altar of Nemelex Xobeh.
A dart slug comes into view.
A hobgoblin comes into view.
Found 9 stones.
Found a glowing dagger.
Found a stone staircase leading down.
An orc comes into view. It is wielding a +0 flail.
The orc barely misses you.
A hobgoblin comes into view.
The hobgoblin shouts!
Found 11 gold pieces.
You hit the hobgoblin but do no damage. The ogre barely misses you.
The hobgoblin closely misses you. The hobgoblin hits you.
The hobgoblin hits you.
You see here 11 gold pieces.
A kobold comes into view.
It is wielding a +0 dagger and quivering poisoned darts.
The kobold shouts!
You see here a +2 dagger of electrocution.
e - a +2 dagger of electrocution The ogre hits you with a +0 giant club.
You hear the crackle of electricity.
e - a +2 dagger of electrocution (weapon)
A hobgoblin opens the door.
You hit the ogre.
The ogre is lightly wounded.
The ogre closely misses you.
You barely miss the ogre.
The ogre is lightly wounded.
You hit the ogre.
The ogre is lightly wounded.
The ogre hits you with a +0 giant club!!
Ouch! That really hurt!
You die...

#. ##..###..# #
#..# #..#
#..###..##
#........#
##.###...#
###...##...#
...#......#
#...##.#.# #@#
#.#.# #O# #.#.#
##g# #.#.# #.# #..#
#O# #.# ###o### #.#
###g# #.....# #.###
..#.#
###.#.#.##.#...#
#.#.#
###...K......###.#
#.#.###.........###
#.#


You could see an ogre, an orc, a hobgoblin and a kobold.

Vanquished Creatures
  A hound zombie (D:5)
  A goblin (D:4)
  A rat (D:3)
3 creatures vanquished.

Notes
Turn   | Place    | Note
-------+----------+-------------------------------------------
     0 | D:5      | lunkers the Vampire Delver began the quest for the Orb.
     0 | D:5      | Reached XP level 1. HP: 17/17 MP: 1/1
   160 | D:5      | Reached XP level 2. HP: 9/23 MP: 2/2
   351 | D:4      | Noticed an ogre
   412 | D:3      | Noticed an ogre
   450 | D:3      | Found a sparkling altar of Nemelex Xobeh.
   534 | D:3      | Slain by an ogre

Illustrated notes

Levels and vault maps discovered:
D:3:      cheibrodos_greedy_goblins, layout_loops_ring, lemuel_doored_altar
D:4:      layout_rooms, grunt_temple_overflow_open, portal_sewer_entry_e
D:5:      layout_loops_ring, uniq_menkaure

Action                   || total
-------------------------++-------
Melee: Short sword       ||    33
       Bite              ||     6
       Dagger            ||     3
  Use: Scroll            ||     1
 Stab: Sleeping          ||     1
Armor: Leather armour    ||     2
Dodge: Dodged            ||    18

Table legend: (Time is in decaauts)
 A = Elapsed time spent in this place.
 B = Non-inter-level travel time spent in this place.
 C = Inter-level travel time spent in this place.
 D = Time resting spent in this place.
 E = Time spent auto-exploring this place.
 F = Levels seen in this place.
 G = Mean time per level.
                   A        B        C        D        E       F      G
               +--------+--------+--------+--------+--------+-----+--------+
         Total |    532 |    532 |      0 |     82 |    113 |   3 |  177.3 |
       Dungeon |    532 |    532 |      0 |     82 |    113 |   3 |  177.3 |
               +--------+--------+--------+--------+--------+-----+--------+

Top non-repeatable levels by time:
     D:5: 334 daAuts
     D:3: 168 daAuts
     D:4: 28 daAuts
